 Dungeon Crawl Stone Soup version 0.30-a0-1094-g860fb061e7 (webtiles) character file.

Game seed: 8406778277955910436

2 Esekla the Sneak (level 1, 0/16 HPs)
             Began as an Octopode Delver on Apr 17, 2023.
             Slain by a bullfrog (3 damage)
             ... on level 5 of the Dungeon.
             The game lasted 00:02:31 (248 turns).

Esekla the Sneak (Octopode Delver)                   Turns: 248, Time: 00:02:31

Health: 0/16       AC:  1    Str: 11    XL:     1   Next: 30%
Magic:  1/1        EV: 13    Int: 12    God:
Gold:   0          SH:  0    Dex: 13    Spells: 0/0 levels left

rFire   . . .      SeeInvis .    a - +0 falchion
rCold   . . .      Faith    .    (no shield)
rNeg    . . .      Spirit   .    (helmet restricted)
rPois   .          Reflect  .    (no amulet)
rElec   .          Rampage  .    (no ring)
rCorr   .                        (no ring)
Will    .....                    (no ring)
Stlth   ++++                     (no ring)
HPRegen 0.22/turn                (no ring)
MPRegen 0.07/turn                (no ring)
                                 (no ring)
                                 (no ring)

@: hasted, very quick
A: almost no armour, amphibious, 8 rings, camouflage 1, gelatinous body 1,
(nimble swimmer 1), tentacles
a: no special abilities


You were on level 5 of the Dungeon.
You visited 1 branch of the dungeon, and saw 1 of its levels.

Inventory:

Hand Weapons
 a - a +0 falchion (weapon)
Wands
 f - a wand of digging (1)
Scrolls
 b - a scroll of fog


   Skills:
 * Level 3.0 Fighting
 * Level 2.0 Long Blades
 * Level 2.0 Dodging
 + Level 6.6 Stealth


You couldn't memorise any spells.
You didn't know any spells.
Your spell library was empty.

Dungeon Overview and Level Annotations

Branches:
Dungeon (5/15)             Temple (0/1) D:5

Altars:

Annotations:
D:5 1 transporter


Innate Abilities, Weirdness & Mutations

You cannot wear most types of armour.
You are amphibious.
You can wear up to eight rings at the same time.
Your skin changes colour to match your surroundings (Stealth+).
Your rubbery body absorbs attacks. (AC +1, EV +1)
((You are camouflaged when in or above water. (Stealth+)))
You have tentacles for arms and can constrict up to eight enemies at once.


Message History

You see here a +0 club.
You see here a +0 club.
You start waiting.
A hound is nearby!
The iguana hisses angrily.
A dart slug comes into view.
The dart slug launches a dart at you. The slug dart hits you.
The bullfrog croaks.
The hound barks!
The iguana hisses angrily.
The hound stops to sniff the ground. 2 orcs come into view.
An orc wizard comes into view. It is wielding a +0 dagger.
The orc wizard shouts!
The orc shouts! x3
You hear a shout!
Okay, then.
You feel yourself speed up. The bullfrog barely misses you.
The orc wizard mumbles some strange words.
The orc wizard flickers and vanishes!
Deactivating autopickup; reactivate with Ctrl-A.
The orc misses you. x2
Aiming: Dig
Press: ? - help, Shift-Dir - straight line A rock wall.
The rock shatters into small pieces.
An ogre comes into view. It is wielding a +0 giant club.
The bullfrog closely misses you.
Found a bone wand.
The ogre shouts!
The orc hits you with a +0 flail! The bullfrog attacks as you move away!
The bullfrog misses you.
Aiming: Dig
Press: ? - help, Shift-Dir - straight line A rock wall.
The rock shatters into small pieces.
The bullfrog hits you!
* * * LOW HITPOINT WARNING * * *
The bullfrog attacks as you move away! The bullfrog misses you.
The ogre closely misses you. The bullfrog attacks as you move away!
The bullfrog barely misses you. The bullfrog attacks as you move away!
The bullfrog hits you.
You die...

*,,* **,,* *,**
*******,..* *******
#.,,,,,,.## ###*,,,,,*
#.,.,,,...# ...*,,,,○**
#.,.,,,...**
...*,,,,.##*#.#.,,..#,,**
.#.+,,,,,*..#..#*#.#**,,**
!..+,,,,©*©,./.##.#
***,****
.#.+,,,,,*,,*#.#@# **,,,*
...*,,,,,****#OF#####
***** ...*,,,,,###
#h##...## ###*,,,,,#.#
#.#o....#* #.#***####.#
#o{.#**,,*
#..####....###o.## **,*
#.......l......## *,*
*#............## *,*
###...(####### *,*


You could see an ogre, a bullfrog and a hound.

Vanquished Creatures
  An orc (D:5)
1 creature vanquished.

Notes
Turn   | Place    | Note
-------+----------+-------------------------------------------
     0 | D:5      | Esekla the Octopode Delver began the quest for the Orb.
     0 | D:5      | Reached XP level 1. HP: 16/16 MP: 1/1
     4 | D:5      | Noticed a gnoll sergeant
    15 | D:5      | Noticed an iguana
    33 | D:5      | Noticed a bullfrog
    40 | D:5      | Noticed a hound
    53 | D:5      | Found a transporter.
   237 | D:5      | Noticed an orc wizard
   241 | D:5      | Noticed an ogre
   248 | D:5      | Slain by a bullfrog

Illustrated notes

Levels and vault maps discovered:
D:5:      gammafunk_cloud_chamber, layout_layer_cave, temple_doors_e

Action                     || total
---------------------------++-------
  Melee: Falchion          ||     2
         Constrict         ||     1
  Evoke: Wand              ||     2
    Use: Scroll            ||     2
         Potion            ||     1
  Dodge: Dodged            ||     9

Table legend: (Time is in decaauts)
 A = Elapsed time spent in this place.
 B = Non-inter-level travel time spent in this place.
 C = Inter-level travel time spent in this place.
 D = Time resting spent in this place.
 E = Time spent auto-exploring this place.
 F = Levels seen in this place.
 G = Mean time per level.
                   A        B        C        D        E       F      G
               +--------+--------+--------+--------+--------+-----+--------+
         Total |    245 |    245 |      0 |    113 |      0 |   1 |  245.0 |
       Dungeon |    245 |    245 |      0 |    113 |      0 |   1 |  245.0 |
               +--------+--------+--------+--------+--------+-----+--------+

Top non-repeatable levels by time:
     D:5: 245 daAuts
